 Dungeon Crawl Stone Soup version 0.28.0 (webtiles) character file.

Game seed: 17780900499577093739

200 SnakkuSnakku7 the Charlatan (level 5, -21/28 HPs)
             Began as a Deep Elf Artificer on Feb 17, 2022.
             Demolished by an ogre (24 damage)
             ... on level 4 of the Dungeon.
             The game lasted 00:03:56 (3617 turns).

SnakkuSnakku7 the Charlatan (Deep Elf Artificer)    Turns: 3617, Time: 00:03:57

Health: -21/28     AC:  9    Str: 11    XL:     5   Next: 49%
Magic:  7/7        EV:  5    Int: 16    God:
Gold:   93         SH:  0    Dex: 15    Spells: 4/4 levels left

rFire   . . .      SeeInvis .   p - +0 long sword
rCold   . . .      Faith    .   h - orb {*Rage}
rNeg    . . .      Spirit   .   m - +0 chain mail
rPois   .          Reflect  .   (no helmet)
rElec   .          Harm     .   (no cloak)
rCorr   .          Rampage  .   t - +0 pair of gloves
Will    .....      Rage     20% (no boots)
Stlth   ..........              (no amulet)
HPRegen 0.09/turn               (no ring)
MPRegen 0.10/turn               (no ring)

@: no status effects
A: no striking features
a: no special abilities


You were on level 4 of the Dungeon.
You visited 1 branch of the dungeon, and saw 4 of its levels.

You collected 93 gold pieces.

Inventory:

Hand Weapons
 a - a +0 club
 i - a +0 mace
 p - a +0 long sword (weapon)
Missiles
 n - 28 bolts
 v - 3 poisoned darts (quivered)
Armour
 b - a +0 leather armour
 f - a +0 ring mail
 h - an orb of wrath (worn)
 m - a +0 chain mail (worn)
 t - a +0 pair of gloves (worn)
Jewellery
 w - an amulet of faith
Wands
 c - a wand of flame (9)
 d - a wand of charming (15)
Scrolls
 j - 2 scrolls of teleportation {unknown}
 o - a scroll of enchant armour {unknown}
 s - 2 scrolls of identify {unknown}
 x - a scroll of fog {unknown}
Potions
 g - a potion of mutation {unknown}
 k - 2 potions of degeneration {unknown}
 l - 2 potions of flight {unknown}
 q - 2 potions of haste {unknown}
 r - 2 potions of curing {unknown}
 u - a potion of might {unknown}
Miscellaneous
 e - a piece from Xom's chessboard (15/15)


   Skills:
 - Level 0.7 Fighting
 + Level 2.6 Throwing
 - Level 0.7 Armour
 - Level 2.4 Dodging
 - Level 1.2 Stealth
 - Level 6.1 Evocations


You had 4 spell levels left.
You didn't know any spells.
Your spell library contained the following spells:

 Spells                   Type           Power      Damage    Failure   Level
 Animate Skeleton         Necr           0%         N/A       100%        1
 Pain                     Necr           0%         1d4       100%        1
 Vampiric Draining        Necr           0%         2d6       100%        3


Dungeon Overview and Level Annotations

Branches:
Dungeon (4/15)
 Temple: D:4-7

Altars:

Shops:
D:1 *


Message History

The phantom hits you but does no damage.
You barely miss the phantom.
The phantom is heavily damaged.
The phantom hits you but does no damage.
You slash the phantom!
The phantom is almost destroyed.
The phantom barely misses you.
You slice the phantom!!
You destroy the phantom!
Your Throwing skill gained 2 levels and is now at level 2!
You have reached level 5!
You start resting.
You feel a strong urge to attack something.
You start resting.
You feel your anger nearly subside.
You are no longer berserk.
You are exhausted.
You feel yourself slow down.
You start resting.
You feel yourself speed up.
There is a stone staircase leading up here.
HP restored.
You recover from your berserk rage.
Found a stone staircase leading down.
x - a scroll labelled SYANLY COBB
There is a stone staircase leading down here.
A dart slug comes into view.
Found an escape hatch in the floor.
An ogre comes into view. It is wielding a +0 giant spiked club.
The ogre shouts!
The ogre hits you with a +0 giant spiked club!!
Ouch! That really hurt!
* * * LOW HITPOINT WARNING * * *
The dart slug bites you but does no damage.
You completely miss the dart slug. The ogre barely misses you.
The dart slug bites you but does no damage.
You slash the dart slug!
The dart slug is severely wounded.
The ogre hits you with a +0 giant spiked club!!
Ouch! That really hurt!
You die...

###.....#
..#
#.....#.#
###
#.#####.#
#.# #.#
#.# #.#
#.# #.#
#.#
#.#####.#
#@O......
#w.......
#........
#>.......
#........
#.#####.#
#.# ..
...


You could see an ogre and a dart slug.

Vanquished Creatures
  A phantom (D:4)
  Terence (D:2)
  4 adders
  A worm (D:2)
  2 dart slugs (D:1)
  2 orcs (D:3)
  3 ball pythons (D:1)
  4 bats
  3 endoplasms
  3 giant cockroaches
  6 goblins
  8 hobgoblins
  4 jackals (D:2)
  4 kobolds
  2 quokkas (D:2)
  4 frilled lizards
  4 rats
56 creatures vanquished.

Notes
Turn   | Place    | Note
-------+----------+-------------------------------------------
     0 | D:1      | SnakkuSnakku7 the Deep Elf Artificer began the quest for
                  | the Orb.
     0 | D:1      | Reached XP level 1. HP: 11/11 MP: 3/3
   548 | D:1      | Found Fyorgh's Assorted Antiques.
   634 | D:1      | Reached skill level 4 in Evocations
   634 | D:1      | Reached XP level 2. HP: 9/16 MP: 4/4
   902 | D:1      | Found a faded altar of an unknown god.
  1412 | D:2      | Reached XP level 3. HP: 19/20 MP: 5/5
  1717 | D:2      | Reached skill level 5 in Evocations
  2248 | D:2      | Noticed Terence
  2255 | D:2      | Reached XP level 4. HP: 21/24 MP: 6/6
  2265 | D:2      | Killed Terence
  2704 | D:3      | Reached skill level 6 in Evocations
  3497 | D:4      | Noticed a phantom
  3504 | D:4      | Killed a phantom
  3505 | D:4      | Reached XP level 5. HP: 28/28 MP: 7/7
  3614 | D:4      | Noticed an ogre
  3617 | D:4      | Demolished by an ogre

Illustrated notes

Levels and vault maps discovered:
D:1:      dpeg_arrival_stone_temple_mockup, layout_rooms,
          ebering_ecumenical_altar_petrified, serial_shops,
          nicolae_shop_behind_doors, minivault_14, amcnicky_mini_pool_small
D:2:      layout_basic, uniq_terence
D:3:      layout_basic
D:4:      minmay_thinvault, layout_basic, uniq_natasha, uniq_edmund

Skill      XL: |  1  2  3  4 |
---------------+-------------+-----
Evocations     | 4 5 6 |  6.1
Throwing       | 2 |  2.6
Fighting       | |  0.7
Armour         | |  0.7
Dodging        | |  2.4
Stealth        | |  1.2

Action                   |  1- 3 |  4- 6 || total
-------------------------+-------+-------++-------
Melee: Club              |    35 |       ||    35
       Mace              |    75 |       ||    75
       Punch             |     1 |       ||     1
       Long sword        |     3 |    80 ||    83
Evoke: Wand              |     6 |       ||     6
       Piece from Xom's  |       |     1 ||     1
 Stab: Sleeping          |     1 |       ||     1
       Petrified         |       |     5 ||     5
Armor: Leather armour    |     5 |       ||     5
       Ring mail         |    26 |       ||    26
       Chain mail        |    28 |    55 ||    83
Dodge: Dodged            |    70 |    25 ||    95
